 Dungeon Crawl Stone Soup version 0.19.0-18-g426998a (webtiles) character file.

361 Delusion the Insei (level 6, -1/41 HPs)
             Began as an Octopode Transmuter on Nov 11, 2016.
             Was an Initiate of Dithmenos.
             Slain by a worker ant (7 damage)
             ... on level 5 of the Dungeon.
             The game lasted 00:17:41 (4200 turns).

Delusion the Insei (Octopode Transmuter)            Turns: 4200, Time: 00:17:42

Health: -1/41      AC:  1    Str:  9    XL:     6   Next: 66%
Magic:  9/9        EV: 14    Int: 16    God:    Dithmenos [......]
Gold:   113        SH:  0    Dex: 14    Spells: 3 memorised, 4 levels left

rFire  . . .     SeeInvis .       - Unarmed
rCold  + . .     Gourm    .     (no shield)
rNeg   . . .     Faith    .     (helmet restricted)
rPois  .         Spirit   .     f - amulet of magic regeneration
rElec  .         Reflect  .     d - ring of protection from cold
rCorr  .         Harm     .     (no ring)
MR     .....                    (no ring)
Stlth  +++.......               (no ring)
                                (no ring)
                                (no ring)
                                (no ring)
                                (no ring)

@: lethally poisoned (-1 -> -5)
A: almost no armour, stealthy swim, amphibious, 8 rings, constrict 8, camouflage
1, gelatinous body 1
a: Renounce Religion


You were on level 5 of the Dungeon.
You worshipped Dithmenos.
Dithmenos was noncommittal.
You were hungry.

You visited 1 branch of the dungeon, and saw 5 of its levels.

You collected 113 gold pieces.

Inventory:

Missiles
 a - 25 arrows
 v - 7 javelins (quivered)
 z - 3 poisoned tomahawks
Jewellery
 d - a ring of protection from cold (left tentacle)
 f - an amulet of magic regeneration (around mantle)
Wands
 u - a wand of digging (12/24)
Scrolls
 e - a scroll of amnesia {unknown}
 h - a scroll of enchant armour {unknown}
 s - a scroll of blinking {unknown}
 w - 2 scrolls of teleportation {unknown}
 y - 2 scrolls of magic mapping {unknown}
 D - a scroll of remove curse {unknown}
Potions
 i - a potion of heal wounds {unknown}
 j - a potion of haste {unknown}
 k - 3 potions of agility
 n - a potion of brilliance {unknown}
 o - 2 potions of flight
 p - 2 potions of resistance
 q - 2 potions of curing {unknown}
 t - a potion of might
 A - a potion of lignification {unknown}
Books
 b - a book of Changes

   Spells                             Type                      Level
   a - Beastly Appendage              Transmutation                1
   b - Sticks to Snakes               Transmutation                2
   c - Spider Form                    Transmutation/Poison         3
   d - Ice Form                       Ice/Transmutation            4
   e - Blade Hands                    Transmutation                5
Comestibles
 c - 4 bread rations
 g - a meat ration
 l - 3 fruits
 m - 3 chunks of flesh
 r - a royal jelly
 C - a slice of pizza


   Skills:
 + Level 2.4 Fighting
 + Level 3.5 Dodging
 + Level 2.3 Stealth
 + Level 5.1 Unarmed Combat
 + Level 2.5 Spellcasting
 + Level 2.6 Transmutations


You had 4 spell levels left.
You knew the following spells:

 Your Spells              Type           Power        Failure   Level  Hunger
a - Beastly Appendage     Tmut           ##....       10%         1    #......
b - Sticks to Snakes      Tmut           ##......     12%         2    ##.....
c - Spider Form           Tmut/Pois      #.........   38%         3    ###....


Dungeon Overview and Level Annotations

Branches:
Dungeon (5/15)
 Temple: D:4-7

Altars:
Dithmenos
Qazlal
Trog
Xom
Yredelemnul
Zin


Innate Abilities, Weirdness & Mutations

You cannot wear most types of armour.
You are very stealthy in the water. (Stealth+)
You are amphibious.
You can wear up to eight rings at the same time.
You can use your tentacles to constrict eight enemies at once.
Your skin changes colour to match your surroundings (Stealth+).
Your rubbery body absorbs attacks. (AC +1, EV +1)


Message History

You feel sick.
You feel sick. The adder closely misses you. The worker ant bites you.
You feel sick. The adder closely misses you.
There is a basalt altar of Yredelemnul here.
You feel sick.
The worker ant bites the withered plant but does no damage.
You tentacle-slap the adder. Your grab misses the adder.
Your squeeze misses the adder.
The adder is moderately wounded.
You feel sick. The adder barely misses you.
You tentacle-slap the adder. You grab the adder. You squeeze the adder.
You kill the adder!
Dithmenos accepts your kill. The worker ant bites you!
* * * LOW HITPOINT WARNING * * *
You feel sick.
You feel sick.
The worker ant waves its antennae.
You feel sick. The worker ant bites you!
You die...

###
###..#
#....#
#....#
####...#
#..#<..#
#......#
#...@..#
#...a..#
#...5..##
#.......#
##......#
##.P.P..#
#..._...#
#.÷P.P.##
#......#


You could see a worker ant and a shadow imp.

Vanquished Creatures
  A howler monkey (D:4)
  A bullfrog zombie (D:3)
  A centaur zombie (D:5)
  3 hounds
  A worker ant (D:4)
  5 adders
  An ooze (D:3)
  A worm (D:2)
  6 leopard geckos
  6 orcs
  4 giant cockroaches
  9 goblins
  9 hobgoblins
  8 jackals
  2 quokkas
  3 ball pythons (D:1)
  9 bats
  2 frilled lizards
  3 kobolds
  A quokka skeleton (D:4)
  A quokka zombie (D:4)
  8 rats
  2 plants (D:1)
87 creatures vanquished.

Notes
Turn   | Place    | Note
-------+----------+-------------------------------------------
     0 | D:1      | Delusion the Octopode Transmuter began the quest for the Orb.
     0 | D:1      | Reached XP level 1. HP: 13/13 MP: 3/3
   263 | D:1      | Reached XP level 2. HP: 15/18 MP: 5/5
   267 | D:1      | Learned a level 2 spell: Sticks to Snakes
  1000 | D:1      | Reached XP level 3. HP: 16/23 MP: 6/6
  1475 | D:2      | Reached XP level 4. HP: 28/28 MP: 7/7
  1856 | D:2      | Reached skill level 4 in Unarmed Combat
  2342 | D:3      | Learned a level 3 spell: Spider Form
  2517 | D:3      | Reached skill level 1 in Stealth
  2517 | D:3      | Reached XP level 5. HP: 25/33 MP: 8/8
  2695 | D:3      | Found a shimmering altar of Xom.
  2846 | D:3      | Found a stormy altar of Qazlal.
  2846 | D:3      | Found a shadowy altar of Dithmenos.
  2846 | D:3      | Found a glowing silver altar of Zin.
  2855 | D:3      | Became a worshipper of Dithmenos the Shadowed
  3212 | D:4      | Found a bloodstained altar of Trog.
  3801 | D:4      | Reached XP level 6. HP: 25/39 MP: 9/9
  4024 | D:4      | Reached skill level 5 in Unarmed Combat
  4145 | D:5      | Entered Level 5 of the Dungeon
  4146 | D:5      | Found a basalt altar of Yredelemnul.
  4200 | D:5      | Slain by a worker ant

Skill      XL: |  1  2  3  4  5  6 |
---------------+-------------------+-----
Unarmed Combat | 4 5 |  5.1
Dodging        | 3 |  3.5
Stealth        | 1 2 |  2.3
Fighting       | 2 |  2.4
Spellcasting   | |  2.5
Transmutations | |  2.6

Action                   |  1- 3 |  4- 6 || total
-------------------------+-------+-------++-------
Melee: Unarmed           |   141 |   143 ||   284
       Constrict         |    27 |    34 ||    61
       Kick              |     5 |    10 ||    15
       Tentacles         |    29 |    30 ||    59
       Punch             |     4 |     5 ||     9
 Cast: Beastly Appendage |     9 |    12 ||    21
  Use: Scroll            |       |     5 ||     5
 Stab: Sleeping          |     3 |     4 ||     7
  Eat: Chunk             |     2 |     8 ||    10
Armor: Skin              |    10 |    17 ||    27
Dodge: Dodged            |    69 |   130 ||   199
